 Dungeon Crawl Stone Soup version 0.28-a0-199-g298df9dbad (webtiles) character file.

Game seed: 2935888364322611481

147 Ezendos the Stinger (level 5, -1/31 (34) HPs)
             Began as an Octopode Venom Mage on Aug 19, 2021.
             Was an Initiate of Vehumet.
             Slain by a wight (5 damage)
             ... on level 7 of the Dungeon.
             The game lasted 00:08:51 (3846 turns).

Ezendos the Stinger (Octopode Venom Mage)           Turns: 3846, Time: 00:08:52

HP:   -1/31 (34)    AC:  1    Str:  7    XL:     5   Next: 29%
MP:   0/9           EV: 13    Int: 19    God:    Vehumet [......]
Gold: 31            SH:  0    Dex: 12    Spells: 4/9 levels left

rFire   . . .      SeeInvis .   a - +0 trident
rCold   . . .      Faith    .   (no shield)
rNeg    . . .      Spirit   .   (helmet restricted)
rPois   .          Reflect  .   b - amulet of regeneration
rElec   .          Harm     .   (no ring)
rCorr   .          Rampage  .   (no ring)
Will    .....                   (no ring)
Stlth   +++.......              (no ring)
HPRegen 1.10/turn               (no ring)
MPRegen 0.11/turn               (no ring)
                                (no ring)
                                (no ring)

@: drained
A: almost no armour, amphibious, 8 rings, camouflage 1, gelatinous body 1,
(nimble swimmer 1), tentacles
a: Renounce Religion


You were on level 7 of the Dungeon.
You worshipped Vehumet.
Vehumet was noncommittal.
You visited 2 branches of the dungeon, and saw 6 of its levels.

You collected 115 gold pieces.
You spent 84 gold pieces at shops.

Inventory:

Hand Weapons
 a - a +0 trident (weapon)
Missiles
 j - 2 throwing nets
Armour
 o - a +1 kite shield
Magical Staves
 k - a staff of earth
Jewellery
 b - an amulet of regeneration (around mantle)
 d - a ring of ice
Scrolls
 f - a scroll of fear
 m - 2 scrolls of teleportation
Potions
 e - a potion of mutation
 h - a potion of berserk rage {unknown}
 i - 3 potions of curing
 n - a potion of heal wounds {unknown}


   Skills:
 + Level 1.7 Fighting
 - Level 2.0 Dodging
 - Level 3.0 Stealth
 + Level 2.7 Spellcasting
 + Level 2.5 Conjurations
 + Level 0.9 Summonings
 - Level 1.9 Transmutations
 + Level 0.0 Air Magic
 - Level 4.0 Poison Magic


You had 4 spell levels left.
You knew the following spells:

 Your Spells              Type           Power      Damage    Failure   Level
a - Magic Dart            Conj           48%        1d5       5%          1
b - Poisonous Vapours     Pois/Air       20%        N/A       11%         2
A - Call Imp              Summ           6%         N/A       16%         2

Your spell library contained the following spells:

 Spells                   Type           Power      Damage    Failure   Level
 Sting                    Tmut/Pois      52%        1d5       4%          1
 Mephitic Cloud           Conj/Pois/Air  10%        N/A       19%         3
 Olgreb's Toxic Radiance  Pois           17%        N/A       30%         4
 Gell's Gravitas          Tloc           1%         N/A       43%         3
 Teleport Other           Tloc           2%         N/A       43%         3
 Dispersal                Tloc           1%         N/A       100%        6


Dungeon Overview and Level Annotations

Branches:
Dungeon (4/15)             Temple (1/1) D:4

Altars:
Ashenzari
Cheibriados
Dithmenos
Elyvilon
Fedhas
Hepliaklqana
Kikubaaqudgha
Makhleb
Okawaru
Qazlal
Ru
Sif Muna
Uskayaw
Vehumet
Xom
Yredelemnul

Shops:
D:3 ?


Innate Abilities, Weirdness & Mutations

You cannot wear most types of armour.
You are amphibious.
You can wear up to eight rings at the same time.
Your skin changes colour to match your surroundings (Stealth+).
Your rubbery body absorbs attacks. (AC +1, EV +1)
((You are camouflaged near water. (Stealth+)))
You have tentacles for arms and can constrict up to eight enemies at once.


Message History

The magic dart hits the wight but does no damage.
The wight is moderately damaged.
The wight barely misses you.
Casting: Magic Dart (safe; 5% risk of failure)
Confirm with . or Enter, or press ? or * to list all spells.
Aiming: Magic Dart (safe; 5% risk of failure)
Press: ? - help, Shift-Dir - straight line, f/p - wight
Aim: a wight, wielding a +4 long sword and wearing a +0 robe (moderately damaged, 100% to hit)
The magic dart hits the wight but does no damage.
The wight is moderately damaged.
The wight barely misses you.
Casting: Magic Dart (safe; 5% risk of failure)
Confirm with . or Enter, or press ? or * to list all spells.
A beastly little devil appears in a puff of flame.
The wight hits you with a +4 long sword!
Casting: Call Imp (safe; 16% risk of failure)
Confirm with . or Enter, or press ? or * to list all spells.
Aiming: Magic Dart (safe; 5% risk of failure)
Press: ? - help, Shift-Dir - straight line, f/p - wight
Aim: a wight, wielding a +4 long sword and wearing a +0 robe (moderately damaged, ally target, 100% to hit)
The magic dart hits the wight.
The wight is heavily damaged.
Your crimson imp blinks!
The wight barely misses you.
You hit the wight but do no damage. Your grab misses the wight.
The wight is heavily damaged.
The wight hits you with a +4 long sword!
You feel drained.
Casting: Magic Dart (safe; 5% risk of failure)
Confirm with . or Enter, or press ? or * to list all spells.
Aiming: Magic Dart (safe; 5% risk of failure)
Press: ? - help, Shift-Dir - straight line, f/p - wight
Aim: a wight, wielding a +4 long sword and wearing a +0 robe (heavily damaged, ally target, 100% to hit)
The magic dart hits the wight.
The wight is heavily damaged.
Your crimson imp blinks!
The wight hits you with a +4 long sword!
* * * LOW HITPOINT WARNING * * *
You feel drained.
You die...

.....:. .......
.......
.......######
.........ยง.5######
......#####..#...#
..... ##.....# ....
##z...#####. ...
##@..)..... ..
#...##### . #...#
#####


You could see a wight (ally target) and a friendly crimson imp (summoned).

Vanquished Creatures
  A jelly (D:4)
  Terence (D:2)
  Natasha (D:2)
  2 adders
  An adder skeleton (D:4)
  A worm (D:3)
  An orc (D:3)
  4 bats
  5 endoplasms
  5 giant cockroaches
  4 goblins
  3 hobgoblins
  3 kobolds
  A quokka (D:2)
  2 ball pythons
  2 frilled lizards
  5 rats
42 creatures vanquished.

Notes
Turn   | Place    | Note
-------+----------+-------------------------------------------
     0 | D:1      | Ezendos the Octopode Venom Mage began the quest for the
                  | Orb.
     0 | D:1      | Reached XP level 1. HP: 11/11 MP: 3/3
   302 | D:1      | Found a faded altar of an unknown god.
   403 | D:1      | Reached XP level 2. HP: 18/18 MP: 0/5
   502 | D:1      | Learned a level 1 spell: Magic Dart
   505 | D:1      | Learned a level 2 spell: Poisonous Vapours
   995 | D:2      | Noticed Terence
  1033 | D:2      | Killed Terence
  1034 | D:2      | Reached skill level 1 in Fighting
  1034 | D:2      | Reached skill level 1 in Conjurations
  1034 | D:2      | Reached skill level 4 in Poison Magic
  1034 | D:2      | Reached XP level 3. HP: 23/23 MP: 0/6
  2197 | D:3      | Reached XP level 4. HP: 27/28 MP: 4/7
  2228 | D:3      | Learned a level 2 spell: Call Imp
  2482 | D:3      | Found a stormy altar of Qazlal.
  2607 | D:3      | Noticed Natasha
  2897 | D:2      | Killed Natasha
  3131 | D:3      | Found Jiklesel's Magic Scroll Emporium.
  3135 | D:3      | Bought a scroll of teleportation for 36 gold pieces
  3135 | D:3      | Bought a scroll of teleportation for 36 gold pieces
  3135 | D:3      | Bought a scroll of noise for 12 gold pieces
  3195 | D:3      | Found a radiant altar of Vehumet.
  3264 | D:3      | Became a worshipper of Vehumet
  3552 | D:4      | Reached XP level 5. HP: 34/34 MP: 3/9
  3617 | D:4      | Found a staircase to the Ecumenical Temple.
  3634 | Temple   | Entered the Ecumenical Temple
  3815 | D:4      | You fall into a shaft and drop 3 floors!
  3846 | D:7      | Slain by a wight

Illustrated notes

Levels and vault maps discovered:
D:1:      roderic_dead_forest, layout_basic,
          dreamdust_ecumenical_altar_angels_and_demons
D:2:      layout_basic, serial_park_tiny_2, kennysheep_generic_room_2,
          uniq_terence
D:3:      layout_loops_ring, grunt_qazlal_sundering,
          nicolae_vehumet_altar_sigil, serial_shops, shop_statue, uniq_natasha
D:4:      layout_cave_pools, temple_doors_e, serial_bayou_lake_a, uniq_sigmund,
          uniq_grinder, uniq_purgy, uniq_menkaure
D:7:      layout_rooms, kennysheep_diamond, hangedman_abyss_or_decor_stabs,
          minmay_a_box_with_orc_wizards_in_it
Temple:   eino_narrow_crystal_temple

Skill      XL: |  1  2  3  4 |
---------------+-------------+-----
Stealth        | 3 |  3.0
Fighting       | 1 |  1.7
Conjurations   | 1 2 |  2.5
Poison Magic   | 4 |  4.0
Dodging        | |  2.0
Spellcasting   | |  2.7
Summonings     | |  0.9
Transmutations | |  1.9

Action                   |  1- 3 |  4- 6 || total
-------------------------+-------+-------++-------
Melee: Unarmed           |     5 |       ||     5
       Tentacles         |     4 |     3 ||     7
       Trident           |     5 |    12 ||    17
       Constrict         |     2 |     4 ||     6
 Cast: Sting             |    28 |     5 ||    33
       Poisonous Vapours |     7 |    11 ||    18
       Magic Dart        |    17 |    39 ||    56
       Call Imp          |       |     1 ||     1
  Use: Scroll            |       |     6 ||     6
 Stab: Sleeping          |     2 |       ||     2
Armor: Skin              |     3 |       ||     3
Dodge: Dodged            |     9 |    11 ||    20

Table legend: (Time is in decaauts)
 A = Elapsed time spent in this place.
 B = Non-inter-level travel time spent in this place.
 C = Inter-level travel time spent in this place.
 D = Time resting spent in this place.
 E = Time spent auto-exploring this place.
 F = Levels seen in this place.
 G = Mean time per level.
                   A        B        C        D        E       F      G
               +--------+--------+--------+--------+--------+-----+--------+
         Total |   3878 |   3611 |    267 |    383 |   2574 |   6 |  646.3 |
       Dungeon |   3775 |   3518 |    257 |    383 |   2482 |   5 |  755.0 |
        Temple |    102 |     92 |     10 |      0 |     92 |   1 |  102.0 |
               +--------+--------+--------+--------+--------+-----+--------+

Top non-repeatable levels by time:
     D:2: 1530 daAuts
     D:3: 1105 daAuts
     D:1: 842 daAuts
     D:4: 265 daAuts
  Temple: 102 daAuts
     D:7: 31 daAuts
